 Dungeon Crawl Stone Soup version 0.30.0-29-ga12c61a403 (webtiles) character file.

Game seed: 14913588726846392779

43859 jurchenman the Eclecticist (level 13, -16/63 HPs)
             Began as a Deep Elf Conjurer on June 21, 2023.
             Was an Elder of Vehumet.
             Shot with an arrow by a centaur warrior (21 damage)
             ... on level 12 of the Dungeon.
             The game lasted 01:31:11 (19792 turns).

jurchenman the Eclecticist (Deep Elf Conjurer)     Turns: 19792, Time: 01:31:12

Health: -16/63     AC: 11    Str:  7    XL:     13   Next: 93%
Magic:  3/34       EV: 17    Int: 35    God:    Vehumet [****..]
Gold:   1199       SH:  0    Dex: 16    Spells: 20/43 levels left

rFire   + . .        B - +9 spear (venom)
rCold   + . .        (no shield)
rNeg    . . .        G - +1 leather armour "Ferha" {Str+3 Dex+3}
rPois   +            b - +2 helmet
rElec   +            H - +0 cloak
rCorr   +            D - +0 pair of gloves
SInv    .            F - +0 pair of boots
Will    +....        m - amulet of the acrobat
Stlth   ++           N - ring of wizardry
HPRegen 0.30/turn    h - +6 ring of intelligence
MPRegen 0.24/turn

%: acrobat, wizardry (x1)
@: resistant
A: no striking features
a: Renounce Religion


You were on level 12 of the Dungeon.
You worshipped Vehumet.
Vehumet was greatly pleased with you.
You visited 3 branches of the dungeon, and saw 17 of its levels.

You collected 1199 gold pieces.

Inventory:

Hand Weapons
 g - a +0 dagger of venom
 j - a +0 short sword of protection
 q - a +4 dagger of venom
 v - the +4 spear of Ohionk {venom, *Corrode rN+ Int-2 Dex+7}
   (You found it on level 5 of the Dungeon)

   Int:       It affects your intelligence (-2).
   Dex:       It affects your dexterity (+7).
   rN:        It protects you from negative energy.
   *Corrode:  It may corrode you when you take damage.
 B - a +9 spear of venom (weapon)
Missiles
 y - 7 throwing nets
Armour
 a - a +1 robe
 b - a +2 helmet (worn)
 D - a +0 pair of gloves (worn)
 F - a +0 pair of boots (worn)
 G - the +1 leather armour "Ferha" (worn) {Str+3 Dex+3}
   (You found it on level 8 of the Dungeon)

   Str:       It affects your strength (+3).
   Dex:       It affects your dexterity (+3).
 H - a +0 cloak (worn)
Magical Staves
 I - a staff of fire
Jewellery
 d - a +4 ring of protection
 e - a ring of willpower
 h - a +6 ring of intelligence (right hand)
 m - an amulet of the acrobat (around neck)
 p - a ring of ice
 s - a ring of poison resistance
 z - a ring of protection from fire
 N - a ring of wizardry (left hand)
Wands
 n - a wand of roots (17)
 u - a wand of mindburst (1)
 w - a wand of light (13)
 A - a wand of digging (8)
 C - a wand of flame (69)
 K - a wand of paralysis (11)
 M - a wand of polymorph (7)
Scrolls
 i - a scroll of identify
 r - a scroll of fog
 E - 2 scrolls of fear
 J - a scroll of amnesia
 L - 2 scrolls of magic mapping
Potions
 c - 2 potions of might
 f - a potion of flight
 k - 2 potions of berserk rage
 l - 4 potions of haste
 t - 2 potions of brilliance


   Skills:
 - Level 4.3 Armour
 - Level 10.6 Dodging
 - Level 2.4 Stealth
 + Level 15.5 Spellcasting
 + Level 13.7 Conjurations
 + Level 9.4 Hexes
 - Level 9.0 Translocations
 + Level 6.9 Fire Magic
 - Level 6.2 Earth Magic
 - Level 6.0 Evocations


You had 20 spell levels left.
You knew the following spells:

 Your Spells              Type           Power      Damage    Failure   Level
a - Magic Dart            Conj           100%       1d8       0%          1
b - Searing Ray           Conj           100%       2d8       0%          2
c - Dazzling Flash        Conj/Hex       100%       N/A       1%          3
d - Iskenderun's Mystic   Conj/Tloc      82%        2d16      1%          4
e - Sandblast             Erth           100%       2d20      1%          1
f - Fulminant Prism       Conj/Hex       41%        3d19      1%          4
g - Ignite Poison         Fire/Tmut/Pois 43%        N/A       1%          3
h - Fireball              Conj/Fire      39%        3d16      1%          5

Your spell library contained the following spells:

 Spells                   Type           Power      Damage    Failure   Level
 Poisonous Vapours        Pois/Air       54%        N/A       1%          2
 Spider Form              Tmut/Pois      27%        N/A       2%          3
 Summon Forest            Summ/Tloc      28%        N/A       3%          5
 Alistair's Intoxication  Tmut/Pois      18%        N/A       22%         5
 Eringya's Noxious Bog    Tmut/Pois      13%        N/A       30%         6
 Summon Hydra             Summ           13%        N/A       99%         7


Dungeon Overview and Level Annotations

Branches:
Dungeon (12/15)            Temple (1/1) D:5            Lair (4/5) D:9
 Shoals (0/4) Lair:3        Snake (0/4) Lair:3
  Slime: Lair:4-5       Orc: D:9-12

Altars:
Ashenzari
Cheibriados
Dithmenos
Elyvilon
Fedhas
Gozag
Hepliaklqana
Kikubaaqudgha
Makhleb
Nemelex Xobeh
Okawaru
Qazlal
Ru
Sif Muna
Trog
Uskayaw
Vehumet
Wu Jian
Xom
Yredelemnul
Zin
The Shining One

Shops:
D:8 :

Annotations:
D:4 1 runed translucent door


Message History

Vehumet accepts your kill.
You feel your power returning.
The mystic blast hits the freezing wraith!
The freezing wraith is almost destroyed.
The mystic blast hits the green ugly thing!!
The green ugly thing is heavily wounded.
Casting: Iskenderun's Mystic Blast (safe; 1% risk of failure)
Confirm with . or Enter, or press ? or * to list all spells.
Okay, then.
Aiming: Fastroot
Press: ? - help, Shift-Dir - straight line, f/p - green ugly thing
Aim: a green ugly thing (black smoke, moderately wounded)
The roots erupt in riotous growth!
Roots grab the green ugly thing.
The grasping roots constrict the green ugly thing.
The green ugly thing struggles to escape constriction.
The green ugly thing escapes!
Aiming: Throw Flame
Press: ? - help, Shift-Dir - straight line, f - freezing wraith, p - green ugly thing
Aim: a freezing wraith (black smoke, almost destroyed, 74% to hit)
The puff of flame hits the freezing wraith.
The freezing wraith is burned terribly!
You destroy the freezing wraith!
Vehumet accepts your kill.
You feel your power returning. The green ugly thing claws you.
* * * LOW HITPOINT WARNING * * *
Casting: Iskenderun's Mystic Blast (safe; 1% risk of failure)
Confirm with . or Enter, or press ? or * to list all spells.
You erupt in a blast of force!
The mystic blast hits the green ugly thing!
The green ugly thing is heavily wounded.
The green ugly thing is knocked back by the mystic blast.
You feel yourself speed up.
You hear an angry hiss.
As you read the scroll of fear, it crumbles to dust.
You assume a fearsome visage.
The green ugly thing looks frightened!
A centaur warrior comes into view.
The centaur warrior wields a +0 longbow.
The centaur warrior shoots an arrow.
The arrow hits you!!
You die...

... .8.
...8 ...8.
######....8
#@§§§§...8.
#§§c§....#
#§§§§..=.#
#..§§......
#.§..§...##
#........#
#........#
#.........#
#.........#


You could see a centaur warrior.

Vanquished Creatures
  3 hydras
  Harold (D:9)
  A centaur warrior (D:11)
  A catoblepas (Lair:2)
  Erica (D:8)
  4 boulder beetles
  A two-headed ogre (D:12)
  A manticore (D:10)
  2 ugly things (D:11)
  Maurice (D:8)
  A merfolk siren (Lair:3)
  2 molten gargoyles (Lair:3)
  3 cyclopes (D:11)
  2 black mambas
  Maggie (D:6)
  3 elephants (Lair:3)
  A torpor snail (Lair:3)
  3 gargoyles (D:11)
  13 cane toads
  An efreet (D:11)
  10 komodo dragons
  A rime drake (Lair:3)
  A freezing wraith (D:12)
  A meliai (D:11)
  2 polar bears (Lair:1)
  6 trolls
  18 blink frogs
  2 hornets
  A shadow (D:12)
  A vampire (D:10)
  3 wyverns
  62 yaks
  2 wraiths (D:11)
  2 basilisks
  A vampire mosquito (D:11)
  4 acid dragons
  7 water moccasins
  A sky beast (D:5)
  4 ice beasts
  An ogre (D:9)
  2 orc warriors
  3 black bears
  15 wolves (Lair:2)
  5 centaurs
  A phantom (D:5)
  A kobold brigand (D:9)
  4 gnoll sergeants
  Blork the orc (D:6)
  9 bullfrogs
  4 scorpions
  16 killer bees
  9 howler monkeys
  5 lava snakes (Lair:3)
  4 jellies
  2 gnoll boudas (D:6)
  6 orc priests
  5 hounds
  3 iguanas
  2 sleepcaps (D:6)
  Terence (D:3)
  7 orc wizards
  Natasha (thrice) (D:3)
  26 gnolls
  9 adders
  A shadow imp (D:8)
  A white imp (D:6)
  2 worms (D:4)
  A dart slug (D:1)
  22 orcs
  7 endoplasms
  A giant cockroach (D:1)
  13 goblins
  A hobgoblin (D:4)
  A jackal (D:5)
  6 quokkas
  3 ball pythons
  A bat (D:2)
  4 frilled lizards
  12 kobolds
  A kobold zombie (D:4)
  3 rats
  A butterfly (Lair:4)
400 creatures vanquished.

Vanquished Creatures (others)
  109 fulminant prisms
109 creatures vanquished.

Grand Total: 509 creatures vanquished

Notes
Turn   | Place    | Note
-------+----------+-------------------------------------------
     0 | D:1      | jurchenman the Deep Elf Conjurer began the quest for the
                  | Orb.
     0 | D:1      | Reached XP level 1. HP: 10/10 MP: 6/6
   215 | D:1      | Reached XP level 2. HP: 15/15 MP: 4/8
   218 | D:1      | Learned a level 2 spell: Searing Ray
  1047 | D:2      | Reached XP level 3. HP: 19/19 MP: 8/10
  1373 | D:2      | Reached skill level 4 in Spellcasting
  1448 | D:2      | Noticed a scorpion
  1452 | D:2      | Killed a scorpion
  1453 | D:2      | Reached skill level 5 in Conjurations
  1453 | D:2      | Reached XP level 4. HP: 24/24 MP: 5/12
  1516 | D:2      | Found a faded altar of an unknown god.
  1750 | D:3      | Learned a level 3 spell: Dazzling Flash
  1768 | D:3      | Noticed Terence
  1769 | D:3      | Found a shimmering altar of Xom.
  1769 | D:3      | Noticed a scorpion
  1775 | D:3      | Killed Terence
  1818 | D:3      | Killed a scorpion
  1819 | D:3      | Reached skill level 5 in Spellcasting
  1819 | D:3      | Reached XP level 5. HP: 28/28 MP: 4/14
  2011 | D:3      | Reached skill level 1 in Hexes
  2057 | D:3      | Reached XP level 6. HP: 32/32 MP: 14/16
  2144 | D:3      | Noticed Natasha
  2149 | D:3      | Killed Natasha
  2185 | D:3      | Noticed Natasha
  2187 | D:3      | Killed Natasha
  2599 | D:3      | Noticed Natasha
  2602 | D:3      | Killed Natasha
  2851 | D:4      | Found a sparkling altar of Nemelex Xobeh.
  2962 | D:4      | Reached skill level 6 in Spellcasting
  3003 | D:4      | Learned a level 4 spell: Iskenderun's Mystic Blast
  3216 | D:4      | Found a blossoming altar of Fedhas.
  3371 | D:4      | Reached XP level 7. HP: 36/36 MP: 6/18
  3472 | D:4      | Found a runed translucent door.
  3472 | D:4      | Noticed a human
  3485 | D:4      | Found a basalt altar of Yredelemnul.
  4243 | D:5      | Entered Level 5 of the Dungeon
  4433 | D:5      | Reached skill level 7 in Spellcasting
  4737 | D:5      | Reached skill level 5 in Hexes
  4776 | D:5      | Identified the +4 spear of Ohionk {venom, *Corrode rN+
                  | Int-2 Dex+7}
  4800 | D:5      | Found a hazy altar of Hepliaklqana.
  4934 | D:5      | Found a staircase to the Ecumenical Temple.
  4979 | Temple   | Entered the Ecumenical Temple
  4989 | Temple   | Became a worshipper of Vehumet
  5151 | D:6      | Noticed Maggie
  5155 | D:6      | Reached XP level 8. HP: 38/41 MP: 9/21
  5168 | D:6      | Killed Maggie
  5169 | D:6      | Reached skill level 8 in Spellcasting
  5604 | D:6      | You fall into a shaft and drop 2 floors!
  5999 | D:6      | Noticed Blork the orc
  6005 | D:6      | Reached skill level 9 in Spellcasting
  6005 | D:6      | Killed Blork the orc
  6114 | D:6      | Reached XP level 9. HP: 45/45 MP: 7/24
  6162 | D:6      | Reached * piety under Vehumet
  6162 | D:6      | Offered knowledge of Sandblast by Vehumet.
  6307 | D:6      | Reached skill level 5 in Dodging
  6355 | D:6      | Got the Annotations on Filth
  6364 | D:6      | Learned a level 1 spell: Sandblast
  6806 | D:7      | Found a glowing silver altar of Zin.
  6921 | D:7      | Reached skill level 1 in Earth Magic
  7074 | D:7      | Reached skill level 5 in Translocations
  7517 | D:7      | Found an iron altar of Okawaru.
  7634 | D:7      | Found a sacrificial altar of Ru.
  7679 | D:8      | Noticed Erica
  7892 | D:8      | Killed Erica
  7893 | D:8      | Reached skill level 10 in Spellcasting
  7966 | D:8      | Found a broken altar of Ashenzari.
  8123 | D:8      | Identified the +1 leather armour "Ferha" {Str+3 Dex+3}
  8387 | D:8      | Found Hiry's Book Shoppe.
  8387 | D:8      | Noticed a walking divine tome
  8387 | D:8      | Noticed a walking crystal tome
  8740 | D:8      | Noticed Maurice
  8751 | D:8      | Killed Maurice
  8752 | D:8      | Reached XP level 10. HP: 46/50 MP: 11/26
  8929 | D:9      | Found a snail-covered altar of Cheibriados.
  9106 | D:9      | Reached ** piety under Vehumet
  9163 | D:9      | Offered knowledge of Kiss of Death by Vehumet.
  9172 | D:9      | Reached skill level 11 in Spellcasting
  9172 | D:9      | Reached skill level 10 in Conjurations
  9280 | D:9      | Learned a level 4 spell: Fulminant Prism
  9332 | D:9      | Noticed Harold
  9819 | D:9      | Reached skill level 5 in Earth Magic
 10078 | D:9      | Killed Harold
 10294 | D:9      | Found a staircase to the Lair.
 10328 | D:10     | Entered Level 10 of the Dungeon
 10385 | D:10     | Offered knowledge of Frozen Ramparts by Vehumet.
 10443 | D:10     | Reached XP level 11. HP: 54/54 MP: 18/28
 10553 | D:10     | Reached skill level 1 in Armour
 10711 | D:10     | Reached skill level 12 in Spellcasting
 10904 | D:10     | Found a shadowy altar of Dithmenos.
 10981 | D:10     | Reached *** piety under Vehumet
 12101 | D:11     | Noticed a centaur warrior
 12120 | D:11     | Offered knowledge of Ignite Poison by Vehumet.
 12129 | D:11     | Killed a centaur warrior
 12256 | D:11     | Identified the +0 ring mail "Muyz" {Rampage Stlth+}
 12284 | D:11     | Learned a level 3 spell: Ignite Poison
 12339 | D:11     | Noticed a boulder beetle
 12369 | D:11     | Killed a boulder beetle
 12568 | D:11     | Reached skill level 13 in Spellcasting
 12568 | D:11     | Reached XP level 12. HP: 59/59 MP: 25/31
 12796 | D:11     | Reached skill level 1 in Fire Magic
 13364 | D:11     | Reached **** piety under Vehumet
 13723 | Lair:1   | Entered Level 1 of the Lair of Beasts
 13952 | Lair:1   | Reached skill level 1 in Evocations
 14140 | Lair:1   | Offered knowledge of Arcjolt by Vehumet.
 14144 | Lair:1   | Reached skill level 10 in Dodging
 14506 | Lair:1   | Noticed a boulder beetle
 14538 | Lair:1   | Reached skill level 14 in Spellcasting
 15376 | Lair:2   | Reached skill level 5 in Fire Magic
 15386 | Lair:2   | Reached XP level 13. HP: 63/63 MP: 31/33
 16610 | Lair:2   | Reached ***** piety under Vehumet
 16610 | Lair:2   | Offered knowledge of Fireball by Vehumet.
 16617 | Lair:2   | Learned a level 5 spell: Fireball
 16961 | Lair:3   | Found a staircase to the Snake Pit.
 17076 | Lair:3   | Reached skill level 5 in Evocations
 17606 | Lair:3   | Found a staircase to the Shoals.
 17673 | Lair:3   | Reached skill level 15 in Spellcasting
 19760 | D:12     | Found the ring of the Octopus King {HP+2 AC+2 EV+2 SH+2
                  | SInv}
 19792 | D:12     | Shot with an arrow by a centaur warrior

Illustrated notes

Levels and vault maps discovered:
D:1:      saegor_arrival_simple_a, layout_loops_ring, amethyst_killhole,
          st_stairs_4
D:2:      layout_loops_ring, nicolae_ecumenical_oubliette
D:3:      layout_basic, mainiacjoe_overflow_surrounded_room, uniq_natasha,
          uniq_terence
D:4:      layout_loops_corners, dk_yredelemnul_ordeal, fedhas_altar_fruit_tree,
          nicolae_overflow_hidden_temple, hangedman_feature_mirror,
          minmay_fractal_squares_diagonal_5
D:5:      layout_basic, mainiacjoe_overflow_small_starburst,
          minmay_temple_entry_enclosed_plants, st_stairs_14
D:6:      minmay_angry_zag, layout_gridville, uniq_blork_the_orc, uniq_maggie
D:7:      layout_loops_corners, mainiacjoe_overflow_brackets,
          kennysheep_okawaru_gauntlet, lemuel_coloured_pillars_altar
D:8:      layout_cave_pods, kennysheep_mini_moat, enter_bailey_1, serial_shops,
          nicolae_shop_mannequins, hangedman_glass_teeth, uniq_maurice,
          uniq_erica
D:9:      layout_cave_pools, mainiacjoe_overflow_paths,
          grunt_lair_entry_orc_guard_hut, minmay_misc_feat_alley,
          grunt_ogre_cave, minmay_strange_pillars, uniq_harold
D:10:     layout_gridville, overflow_temple_1_default
D:11:     cheibrodos_fzero, layout_cave_pods, minmay_sticks_and_stones
D:12:     cheibrodos_tormentor_scu, layout_basic, orc_0_dummy,
          minmay_the_grid_square_5x5_3x3_mashed
          [minmay_the_grid_square_5x5_spiral_small,
          minmay_the_grid_square_5x5_eight_small,
          minmay_the_grid_square_5x5_two, minmay_the_grid_square_5x5_detours,
          minmay_the_grid_square_5x5_megaprize_crossed,
          minmay_the_grid_square_5x5_shrine2,
          minmay_the_grid_square_5x5_checkered_statues,
          minmay_the_grid_square_5x5_inner_z,
          minmay_the_grid_square_5x5_checkered], uniq_lodul
Temple:   jpeg_temple_clearing
Lair:1:   layout_long_grid, minivault_25, beast_lair_carwin_10
Lair:2:   layout_layer_cave, serial_bayou_shore_b, grunt_megastairs_2
Lair:3:   cheibrodos_magma_flow, layout_regular_city,
          minmay_shoals_entry_lonely_mermaid, dummy_snake_entry
Lair:4:   layout_cellular_growth, chequers_serial_rivers_marsh,
          chequers_serial_rivers_micro_a, lemuel_fruit_fields,
          lemuel_fruit_tree, grunt_megastairs_4

Skill      XL: |  1  2  3  4  5  6  7  8  9 10 11 12 13 |
---------------+----------------------------------------+-----
Dodging        | 3 4 6 8 9 10 | 10.6
Spellcasting   | 4 5 6 7 9 10 11 13 14 15 | 15.5
Conjurations   | 5 6 7 8 9 10 11 12 13 | 13.7
Hexes          | 1 3 5 7 9 |  9.4
Translocations | 4 6 7 9 |  9.0
Earth Magic    | 3 5 6 |  6.2
Armour         | 3 4 |  4.3
Fire Magic     | 5 6 |  6.9
Evocations     | 3 6 |  6.0
Stealth        | |  2.4

Action                     |  1- 3 |  4- 6 |  7- 9 | 10-12 | 13-15 || total
---------------------------+-------+-------+-------+-------+-------++-------
  Melee: Short sword       |    14 |       |       |       |       ||    14
         Dagger            |    11 |     4 |     7 |       |       ||    22
         Spear             |       |       |     4 |    41 |     5 ||    50
         Punch             |       |       |       |     1 |       ||     1
   Cast: Magic Dart        |    38 |    54 |   179 |   126 |    47 ||   444
         Searing Ray       |     1 |    11 |    54 |    62 |     1 ||   129
         Iskenderun's Myst |       |       |     5 |    60 |    47 ||   112
         Dazzling Flash    |       |       |     1 |       |       ||     1
         Fulminant Prism   |       |       |       |    69 |    40 ||   109
         Sandblast         |       |       |       |    15 |   114 ||   129
  Evoke: Wand              |       |       |       |       |    13 ||    13
    Use: Scroll            |     6 |     2 |    11 |    11 |    10 ||    40
         Potion            |       |     1 |     1 |     6 |     4 ||    12
   Stab: Sleeping          |     3 |       |     1 |     1 |       ||     5
 Armour: Robe              |     8 |     2 |    17 |    25 |       ||    52
         Leather armour    |       |       |       |    15 |    12 ||    27
  Dodge: Dodged            |    19 |    11 |    85 |   132 |    54 ||   301
